 Dungeon Crawl Stone Soup version 0.29.1-2-gbd0b4ee654 (webtiles) character file.

Game seed: 7750174084164320451

516 MTVSty1e the Cleaver (level 7, -3/57 HPs)
             Began as a Minotaur Monk on Oct 23, 2022.
             Slain by a gnoll sergeant
             ... wielding a +0 trident
              (7 damage)
             ... on level 5 of the Dungeon.
             The game lasted 00:04:31 (4691 turns).

MTVSty1e the Cleaver (Minotaur Monk)                Turns: 4691, Time: 00:04:31

Health: -3/57      AC:  6    Str: 17    XL:     7   Next: 0%
Magic:  6/6        EV: 12    Int:  7    God:
Gold:   201        SH:  0    Dex: 13    Spells: 6/6 levels left

rFire   + + .      SeeInvis .   C - +0 war axe
rCold   + . .      Faith    .   (no shield)
rNeg    . . .      Spirit   .   B - +0 leather armour
rPois   +          Reflect  .   m - +2 hat
rElec   +          Harm     .   (no cloak)
rCorr   +          Rampage  .   (no gloves)
Will    .....                   p - +0 pair of boots
Stlth   +.........              E - amulet of regeneration
HPRegen 0.99/turn               r - ring of protection from fire
MPRegen 0.10/turn               (no ring)

@: confused, resistant, ambrosia-drunk
A: horns 2, retaliatory headbutt
a: no special abilities


You were on level 5 of the Dungeon.
You visited 1 branch of the dungeon, and saw 5 of its levels.

You collected 201 gold pieces.

Inventory:

Hand Weapons
 a - a +0 hand axe
 C - a +0 war axe (weapon)
Armour
 b - a +0 robe
 m - a +2 hat (worn)
 p - a +0 pair of boots (worn)
 B - a +0 leather armour (worn)
Jewellery
 f - a ring of magical power
 r - a ring of protection from fire (left hand)
 s - a ring of magical power
 t - a ring of fire
 E - an amulet of regeneration (around neck)
 F - a ring of ice
Wands
 u - a wand of flame (38)
 D - a wand of iceblast (12)
Scrolls
 g - 2 scrolls of identify {unknown}
 i - a scroll of vulnerability {unknown}
 k - a scroll of enchant armour {unknown}
 l - 3 scrolls of magic mapping {unknown}
 o - a scroll of acquirement {unknown}
 q - 3 scrolls of enchant weapon {unknown}
 v - a scroll of fog {unknown}
 x - 2 scrolls of teleportation {unknown}
 y - a scroll of noise {unknown}
Potions
 e - a potion of cancellation {unknown}
 h - a potion of berserk rage {unknown}
 j - 4 potions of curing {unknown}
 n - 3 potions of attraction {unknown}
 w - a potion of mutation {unknown}
 z - a potion of flight {unknown}
 A - a potion of haste {unknown}


   Skills:
 - Level 3.6 Fighting
 * Level 9.6 Axes
 - Level 3.2 Dodging
 - Level 1.5 Stealth


You had 6 spell levels left.
You didn't know any spells.
Your spell library contained the following spells:

 Spells                   Type           Power      Damage    Failure   Level
 Sandblast                Erth           0%         2d4       50%         1
 Passwall                 Tmut/Erth      0%         N/A       65%         2
 Stone Arrow              Conj/Erth      0%         3d7       86%         3


Dungeon Overview and Level Annotations

Branches:
Dungeon (5/15)
 Temple: D:4-7

Altars:

Shops:
D:2 *   D:3 ([   D:4 *


Innate Abilities, Weirdness & Mutations

You have a pair of horns on your head.
You reflexively headbutt those who attack you in melee.


Message History

The orc hits you with a +0 falchion. The orc priest closely misses you.
The gnoll sergeant closely misses you.
You closely miss the orc priest. Your headbutt misses the orc priest.
The orc priest is lightly wounded.
You barely miss the orc. x2
You hit the orc priest but do no damage.
The orc hits you but does no damage. The orc closely misses you.
The gnoll hits you from afar with a +0 spear.
The orc priest barely misses you.
The gnoll sergeant hits you from afar with a +0 trident.
* * * LOW HITPOINT WARNING * * *
The orc priest hits you with a +0 club.
* * * LOW HITPOINT WARNING * * *
You are confused.
You feel invigorated. The orc closely misses you. The gnoll closely misses you.
The orc priest looks encouraged for a moment.
The gnoll sergeant hits you from afar with a +0 trident!
* * * LOW HITPOINT WARNING * * *
The orc hits you with a +0 falchion.
* * * LOW HITPOINT WARNING * * *
The orc priest hits you but does no damage.
An ice beast comes into view.
You slash the orc!
You kill the orc!
You barely miss the orc priest. You miss the orc.
You barely miss the orc priest. The orc priest barely misses you.
A gnoll comes into view. It is wielding a +0 club.
The gnoll closely misses you. The orc priest barely misses you.
The orc hits you but does no damage.
The gnoll sergeant hits you from afar with a +0 trident.
* * * LOW HITPOINT WARNING * * *
The gnoll shouts!
You slash the orc!
You kill the orc!
You hit the orc priest but do no damage.
You barely miss the orc priest. The orc priest barely misses you.
The gnoll hits you from afar with a +0 spear!
* * * LOW HITPOINT WARNING * * *
The gnoll sergeant hits you from afar with a +0 trident!
You die...

#.####..#####.####.#
#.......†).......#.#
#..####.########.#.#
###.. #.#### #.#
.....## #....# #.# .
#.....
####.#####.#.# .
..#.....##
#........... #
.......oo#
##........ ......g@#
#.#####.. #....g))#
##.##
#.##.##g###...#
#.g...oo......#
#.##g##.###...# . ..
#.# ##### ########
... ..# #....... .o.
##.# #.###### .. ..#
#.......


You could see a gnoll sergeant, 2 orc priests, 3 gnolls and 2 orcs.

Vanquished Creatures
  A necrophage (D:3)
  2 hounds (D:5)
  2 orc priests (D:4)
  2 iguanas (D:5)
  Natasha (thrice) (D:2)
  9 adders
  An ufetubus (D:5)
  4 worms
  A dart slug (D:2)
  18 orcs
  2 ball pythons
  4 bats
  6 endoplasms
  5 giant cockroaches
  10 hobgoblins
  6 jackals
  6 kobolds
  2 quokkas
  2 frilled lizards
  9 goblins
  6 rats
101 creatures vanquished.

Vanquished Creatures (others)
  2 plants (D:3)
2 creatures vanquished.

Grand Total: 103 creatures vanquished

Notes
Turn   | Place    | Note
-------+----------+-------------------------------------------
     0 | D:1      | MTVSty1e the Minotaur Monk began the quest for the Orb.
     0 | D:1      | Reached XP level 1. HP: 19/19 MP: 0/0
   127 | D:1      | Reached skill level 4 in Axes
   146 | D:1      | Reached XP level 2. HP: 26/26 MP: 1/1
  1155 | D:2      | Reached skill level 5 in Axes
  1319 | D:2      | Found a faded altar of an unknown god.
  1377 | D:2      | Reached XP level 3. HP: 31/31 MP: 2/2
  1476 | D:2      | Noticed Natasha
  1486 | D:2      | Killed Natasha
  1601 | D:2      | Found Fiamikhla's Assorted Antiques.
  1837 | D:2      | Noticed Natasha
  1848 | D:2      | Killed Natasha
  1849 | D:2      | Reached skill level 6 in Axes
  1849 | D:2      | Reached XP level 4. HP: 32/39 MP: 3/3
  2086 | D:2      | Noticed Natasha
  2095 | D:2      | Killed Natasha
  2366 | D:2      | Reached XP level 5. HP: 44/45 MP: 4/4
  2491 | D:2      | Reached skill level 7 in Axes
  2559 | D:3      | You fall into a shaft and drop 1 floor!
  2703 | D:4      | Found Azxaep's Assorted Antiques.
  3107 | D:3      | Reached skill level 8 in Axes
  3250 | D:3      | Found Jaeq's Weapon Boutique.
  3262 | D:3      | Found Utiecoc's Antique Armour Shoppe.
  3503 | D:3      | Reached XP level 6. HP: 47/51 MP: 5/5
  4418 | D:5      | Entered Level 5 of the Dungeon
  4424 | D:5      | Reached skill level 9 in Axes
  4686 | D:5      | Reached XP level 7. HP: 40/57 MP: 6/6
  4691 | D:5      | Slain by a gnoll sergeant

Illustrated notes

Levels and vault maps discovered:
D:1:      nzn_arrival_depleted_hourglass, layout_basic
D:2:      layout_basic, hellmonk_ecumenical_altar_leap_of_faith, serial_shops,
          nicolae_square_shop, uniq_natasha
D:3:      layout_loops_ring, serial_shops, shop, nicolae_shop_overgrown_old_shop
D:4:      layout_loops_ring, serial_rivers, chequers_serial_rivers_small_b,
          chequers_serial_rivers_large_a, chequers_serial_rivers_room_b,
          chequers_serial_rivers_room_a, serial_shops, nicolae_shop_hallway_plus
D:5:      layout_loops_ring, portal_sewer_entry_f

Skill      XL: |  1  2  3  4  5  6 |
---------------+-------------------+-----
Axes           | 4 5 6 8 9 |  9.6
Fighting       | |  3.6
Dodging        | |  3.2
Stealth        | |  1.5

Action                   |  1- 3 |  4- 6 |  7- 9 || total
-------------------------+-------+-------+-------++-------
Melee: Hand axe          |    68 |   104 |       ||   172
       Headbutt          |     8 |    40 |       ||    48
       Punch             |     2 |     2 |       ||     4
       War axe           |       |    96 |     4 ||   100
  Use: Potion            |       |       |     2 ||     2
 Stab: Sleeping          |     6 |     3 |       ||     9
Armor: Robe              |    20 |    22 |       ||    42
       Leather armour    |       |    35 |     4 ||    39
Dodge: Dodged            |    36 |   124 |    12 ||   172
